 Dungeon Crawl Stone Soup version 0.30-a0-760-g5a9884bb7c (webtiles) character file.

Game seed: 16943995467112856087

63 mopl the Sneak (level 4, -2/23 HPs)
             Began as a Vine Stalker Brigand on Feb 10, 2023.
             Succumbed to Robin's poison
             ... on level 2 of the Dungeon.
             The game lasted 00:01:47 (1576 turns).

mopl the Sneak (Vine Stalker Brigand)               Turns: 1576, Time: 00:01:48

Health: -2/23      AC:  3    Str: 13    XL:     4   Next: 9%
Magic:  5/5        EV: 11    Int: 11    God:
Gold:   41         SH:  0    Dex: 18    Spells: 3/3 levels left

rFire   . . .      SeeInvis .    a - +2 dagger
rCold   . . .      Faith    .    (no shield)
rNeg    . . .      Spirit   +    b - +0 robe
rPois   .          Reflect  .    (no helmet)
rElec   .          Harm     .    c - +0 cloak
rCorr   .          Rampage  .    (no gloves)
Will    .....                    (no boots)
Stlth   +                        (no amulet)
HPRegen 1.03/turn                (no ring)
MPRegen 0.09/turn                (no ring)

@: confused, lethally poisoned (-2 -> -14), ambrosia-drunk, invisible
A: fangs 2, regeneration 1, magic shield, antimagic bite, no potion heal 2
a: no special abilities


You were on level 2 of the Dungeon.
You visited 1 branch of the dungeon, and saw 2 of its levels.

You collected 41 gold pieces.

Inventory:

Hand Weapons
 a - a +2 dagger (weapon)
Missiles
 d - 9 poisoned darts (quivered)
 e - 3 curare-tipped darts
 h - 8 boomerangs
Armour
 b - a +0 robe (worn)
 c - a +0 cloak (worn)
Scrolls
 f - 2 scrolls of identify {unknown}
 j - a scroll of magic mapping {unknown}
 n - a scroll of teleportation {unknown}
Potions
 i - a potion of heal wounds {unknown}
 k - a potion of might {unknown}
 l - a potion of degeneration {unknown}
 m - a potion of invisibility


   Skills:
 - Level 1.7 Fighting
 + Level 2.1 Short Blades
 + Level 2.1 Throwing
 - Level 0.7 Dodging
 + Level 6.5 Stealth


You had 3 spell levels left.
You didn't know any spells.
Your spell library contained the following spells:

 Spells                   Type           Power      Damage    Failure   Level
 Necrotise                Necr           0%         1d4       34%         1
 Vampiric Draining        Necr           0%         2d6       71%         3
 Agony                    Necr           0%         N/A       100%        5


Dungeon Overview and Level Annotations

Branches:
Dungeon (2/15)

Altars:

Annotations:
D:2 Robin


Innate Abilities, Weirdness & Mutations

You have extremely sharp teeth.
Your natural rate of healing is unusually fast.
When hurt, damage is shared between your health and your magic reserves.
Your bite disrupts and absorbs the magic of your enemies.
Potions cannot restore your health.


Message History

You hit Robin.
Robin is lightly wounded.
You feel very sick. Robin closely misses you.
You closely miss Robin.
Robin is lightly wounded.
You feel sick.
Robin hits you with a +1 dagger of venom.
You are more poisoned.
You hit Robin but do no damage.
Robin is lightly wounded.
You feel very sick.
Robin hits you with a +1 dagger of venom.
You barely miss Robin.
Robin is lightly wounded.
You feel sick.
Robin hits you with a +1 dagger of venom.
You hit Robin but do no damage.
Robin is lightly wounded.
You feel very sick.
You hit Robin.
Robin is lightly wounded.
You feel sick. Robin misses you.
You hit Robin but do no damage.
Robin is lightly wounded.
You feel sick.
Robin hits you with a +1 dagger of venom.
* * * LOW HITPOINT WARNING * * *
You are lethally poisoned!
It was a potion of invisibility.
You fade into invisibility!
* * * LOW HITPOINT WARNING * * *
You feel sick.
Robin hits you with a +1 dagger of venom.
* * * LOW HITPOINT WARNING * * *
You are more poisoned.
It was a potion of ambrosia.
You are confused.
Your system rejects the healing.
You feel invigorated.
You die...

#.<# #...#.#.#..#.##...### #..#
###..............## #..#
#.#.#.#.#..##..#
#..#####.......#......##
#####....#......#.##..#....###
#.....................#..#...#
#.####........(...........##.##
#.##...........g#..........#..##
##.##.##..#.###.@#...............
......##..#.# #..............)...
##.##.##..#.###..#...........###.
##.##.#..........#.....#.#.#.###.
...##.#...#.###............[.....
...##.#..........#.....#.#.#.###.
......#...#.###..#.........(..##.
................)......#.#.#.....
##..###..######..#..#....[...###.


You could see Robin (unable to see you).

Vanquished Creatures
  A worm (D:2)
  4 dart slugs
  4 ball pythons
  2 bats
  2 endoplasms (D:1)
  A giant cockroach (D:1)
  14 goblins
  2 hobgoblins
  4 jackals
  2 kobolds
  3 quokkas
  2 rats (D:1)
41 creatures vanquished.

Notes
Turn   | Place    | Note
-------+----------+-------------------------------------------
     0 | D:1      | mopl the Vine Stalker Brigand began the quest for the Orb.
     0 | D:1      | Reached XP level 1. HP: 11/11 MP: 2/2
    27 | D:1      | You fall into a shaft and drop 1 floor!
    32 | D:2      | Noticed Robin
    56 | D:2      | Reached skill level 5 in Stealth
    66 | D:2      | Reached XP level 2. HP: 4/15 MP: 0/3
   305 | D:2      | Reached XP level 3. HP: 18/18 MP: 4/4
   348 | D:1      | Reached skill level 2 in Throwing
   466 | D:1      | Reached skill level 6 in Stealth
   562 | D:1      | Reached skill level 2 in Short Blades
  1260 | D:2      | Gained mutation: Your natural rate of healing is unusually
                  | fast. [Vine Stalker growth]
  1260 | D:2      | Reached XP level 4. HP: 23/23 MP: 5/5
  1576 | D:2      | Succumbed to Robin's poison

Illustrated notes

Levels and vault maps discovered:
D:1:      sevenhm_arrival_forest_fort_small_4, layout_basic
D:2:      cheibrodos_greedy_goblins, layout_basic, serial_glass,
          glass_columns_b, glass_columns_b, feat_on_display,
          minmay_strange_pillars, supply_closet_lemuel, uniq_robin

Skill      XL: |  1  2  3 |
---------------+----------+-----
Stealth        | 5 6 |  6.5
Throwing       | 2 |  2.1
Short Blades   | 2 |  2.1
Fighting       | |  1.7
Dodging        | |  0.7

Action                     |  1- 3 |  4- 6 || total
---------------------------+-------+-------++-------
  Melee: Dagger            |    95 |    17 ||   112
         Bite              |    19 |     2 ||    21
         Punch             |     1 |       ||     1
    Use: Potion            |       |     2 ||     2
   Stab: Sleeping          |    10 |       ||    10
 Armour: Robe              |    24 |     5 ||    29
  Dodge: Dodged            |    36 |     8 ||    44

Table legend: (Time is in decaauts)
 A = Elapsed time spent in this place.
 B = Non-inter-level travel time spent in this place.
 C = Inter-level travel time spent in this place.
 D = Time resting spent in this place.
 E = Time spent auto-exploring this place.
 F = Levels seen in this place.
 G = Mean time per level.
                   A        B        C        D        E       F      G
               +--------+--------+--------+--------+--------+-----+--------+
         Total |   1569 |   1535 |     34 |     66 |   1148 |   2 |  784.5 |
       Dungeon |   1569 |   1535 |     34 |     66 |   1148 |   2 |  784.5 |
               +--------+--------+--------+--------+--------+-----+--------+

Top non-repeatable levels by time:
     D:1: 923 daAuts
     D:2: 646 daAuts
